 Dungeon Crawl Stone Soup version 0.31-a0-1001-g770356a28f (webtiles) character file.

Game seed: 9299684984433850597

157 Armakuni the Twirler (level 5, -3/35 HPs)
             Began as a Human Wanderer on Nov 8, 2023.
             Killed by divine providence
             ... invoked by an orc priest
              (14 damage)
             ... on level 4 of the Dungeon.
             The game lasted 00:07:00 (3059 turns).

Armakuni the Twirler (Human Wanderer)               Turns: 3059, Time: 00:07:01

Health: -3/35      AC:  6    Str: 14    XL:     5   Next: 66%
Magic:  6/6        EV: 10    Int: 13    God:
Gold:   232        SH:  0    Dex: 12    Spells: 4/6 levels left

rFire   . . .        a - +3 quarterstaff
rCold   . . .        (shield currently unavailable)
rNeg    . . .        j - +0 ring mail
rPois   .            (no helmet)
rElec   .            (no cloak)
rCorr   .            (no gloves)
SInv    .            m - +0 pair of boots
Will    .....        (no amulet)
Stlth   +            (no ring)
HPRegen 0.25/turn    (no ring)
MPRegen 0.10/turn

%: no passive effects
@: mighty
A: no striking features
a: no special abilities


You were on level 4 of the Dungeon.
You visited 1 branch of the dungeon, and saw 4 of its levels.

You collected 232 gold pieces.

Inventory:

Hand Weapons
 a - a +3 quarterstaff (weapon)
 b - a +0 dagger of venom
Armour
 j - a +0 ring mail (worn)
 m - a +0 pair of boots (worn)
 q - the -1 buckler of Duty {Contam rPois rN++}
   (You acquired it on level 4 of the Dungeon)

   rPois:     It protects you from poison rN++: It greatly protects you from
   negative energy.
   Contam:    It causes magical contamination when unequipped.
Magical Staves
 f - a staff of death
Wands
 v - a wand of flame (20)
Scrolls
 g - 4 scrolls of fog
 l - 2 scrolls of teleportation
 n - a scroll of torment
 o - 2 scrolls of fear
 p - a scroll of enchant armour
Potions
 c - a potion of cancellation
 d - a potion of brilliance {unknown}
 e - 2 potions of curing
 i - a potion of haste
 k - a potion of attraction {unknown}
 r - a potion of invisibility {unknown}


   Skills:
 - Level 5.3 Staves
 - Level 1.0 Dodging
 - Level 1.0 Stealth
 - Level 1.0 Spellcasting
 - Level 2.0 Ice Magic
 + Level 3.6 Evocations


You had 4 spell levels left.
You knew the following spells:

 Your Spells              Type           Power      Damage    Failure   Level
b - Blink                 Tloc           0%         N/A       65%         2

Your spell library contained the following spells:

 Spells                   Type           Power      Damage    Failure   Level
 Freeze                   Ice            20%        1d4       26%         1
 Lesser Beckoning         Tloc           0%         N/A       65%         2
 Static Discharge         Conj/Air       0%         3-3/arc   65%         2
 Sublimation of Blood     Necr           0%         N/A       65%         2
 Wereblood                Tmut           0%         N/A       65%         2
 Hailstorm                Conj/Ice       3%         3d3       75%         3
 Gell's Gravitas          Tloc           0%         N/A       86%         3
 Teleport Other           Tloc           0%         N/A       86%         3
 Airstrike                Air            0%         2d(0-16)  99%         4
 Manifold Assault         Tloc           0%         N/A       99%         4
 Summon Lightning Spire   Summ/Air       0%         N/A       99%         4
 Summon Hydra             Summ           0%         N/A       100%        7


Dungeon Overview and Level Annotations

Branches:
Dungeon (4/15)
 Temple: D:4-7

Altars:


Message History

No target in view!
No target in view!
An orc wizard comes into view. It is wielding a +0 dagger.
An orc wizard is nearby!
An orc priest comes into view. It is wielding a +0 dagger.
The orc wizard points at you and mumbles some strange words.
The puff of flame hits you.
The orc priest shouts!
The orc wizard gestures at you while chanting.
You resist with some effort.
You hit the orc wizard but do no damage.
The orc wizard hits you but does no damage.
You closely miss the orc wizard.
The orc priest invokes the aid of Beogh against you.
Beogh smites you!
The orc wizard hits you but does no damage.
You closely miss the orc wizard.
The orc wizard hits you but does no damage.
Okay, then.
You feel very mighty all of a sudden.
The orc wizard hits you but does no damage.
You thump the orc wizard!
The orc wizard is heavily wounded.
The orc wizard hits you but does no damage.
You completely miss the orc wizard.
The orc wizard is heavily wounded.
The orc priest closely misses you.
The orc wizard hits you but does no damage.
You barely miss the orc wizard.
The orc wizard is heavily wounded.
The orc priest hits you with a +0 dagger.
The orc wizard barely misses you.
You barely miss the orc wizard.
The orc wizard is heavily wounded.
The orc priest closely misses you. The orc wizard barely misses you.
You sock the orc wizard!
You kill the orc wizard!
The orc priest calls down the wrath of Beogh upon you.
Beogh smites you!
You die...

...# #... ...#######...#
...............
#########...###.......##
.......)........ .......
#.......# # #....
#.......#.# #....
#o........# #.... ###
#@......# #....
...######)......######....
................##........
................##.##.....
................##.##.....
...#............##.##.....
.. #............##.##.....
# #.....##...####.##.....
#..........##....#.....


You could see an orc priest.

Vanquished Creatures
  An orc priest (D:4)
  An orc wizard (D:4)
  6 adders
  3 dart slugs
  6 ball pythons
  4 bats
  6 endoplasms
  5 giant cockroaches
  9 goblins
  6 hobgoblins
  3 quokkas
  2 frilled lizards
  4 kobolds
  6 rats
62 creatures vanquished.

Notes
Turn   | Place    | Note
-------+----------+-------------------------------------------
     0 | D:1      | Armakuni the Human Wanderer began the quest for the Orb.
     0 | D:1      | Armakuni set off with the following items: a +2
                  | quarterstaff, a wand of flame (5), a potion of heal wounds,
                  | a +0 robe; and the following spell memorised: Freeze; and
                  | the following spells available to memorise: Hailstorm.
     0 | D:1      | Reached XP level 1. HP: 13/13 MP: 2/2
   258 | D:1      | Reached XP level 2. HP: 19/19 MP: 3/3
   577 | D:1      | Reached XP level 3. HP: 24/24 MP: 4/4
   633 | D:1      | Reached skill level 5 in Staves
  1024 | D:2      | Learned a level 2 spell: Blink
  1258 | D:2      | Reached XP level 4. HP: 30/30 MP: 5/5
  1853 | D:3      | Found a faded altar of an unknown god.
  1945 | D:3      | Reached XP level 5. HP: 19/35 MP: 6/6
  3028 | D:4      | Identified a scroll of acquirement
  3028 | D:4      | Acquired the -1 buckler of Duty {Contam rPois rN++}
  3059 | D:4      | Killed from afar by an orc priest

Illustrated notes

Levels and vault maps discovered:
D:1:      dpeg_arrival_erosion, layout_basic, moated_statue
D:2:      layout_basic, kennysheep_generic_room_5
D:3:      layout_loops_ring, serial_glass, glass_columns_b, glass_columns_b,
          shapermc_ecumenical_altar_starsandcircs, amcnicky_mini_pool_small,
          kennysheep_small_spiral
D:4:      layout_basic, lemuel_temple_firewalk_b, grunt_tough_drop

Skill      XL: |  1  2  3  4  5 |
---------------+----------------+-----
Staves         | 5 |  5.3
Evocations     | 2 3 |  3.6
Dodging        | |  1.0
Stealth        | |  1.0
Spellcasting   | |  1.0
Ice Magic      | |  2.0

Action                     |  1- 3 |  4- 6 || total
---------------------------+-------+-------++-------
  Melee: Quarterstaff      |    69 |    89 ||   158
    Use: Scroll            |     5 |     7 ||    12
         Potion            |     4 |     1 ||     5
   Stab: Sleeping          |     3 |     2 ||     5
 Armour: Robe              |    34 |    38 ||    72
         Ring mail         |       |    14 ||    14
  Dodge: Dodged            |    35 |    48 ||    83

Table legend: (Time is in decaauts)
 A = Elapsed time spent in this place.
 B = Non-inter-level travel time spent in this place.
 C = Inter-level travel time spent in this place.
 D = Time resting spent in this place.
 E = Time spent auto-exploring this place.
 F = Levels seen in this place.
 G = Mean time per level.
                   A        B        C        D        E       F      G
               +--------+--------+--------+--------+--------+-----+--------+
         Total |   3046 |   2973 |     73 |     81 |   2265 |   4 |  761.5 |
       Dungeon |   3046 |   2973 |     73 |     81 |   2265 |   4 |  761.5 |
               +--------+--------+--------+--------+--------+-----+--------+

Top non-repeatable levels by time:
     D:2: 1080 daAuts
     D:3: 901 daAuts
     D:1: 728 daAuts
     D:4: 336 daAuts
